AoeStats
← Infadel

Hideout

509776014Analyzed
1v1 RM · 4d ago on Sep 28, 2026· 41m 57s· 2 players
Game mode
Random Map
Map size
Tiny (2 player)
Population
200
Speed
Normal
Resources
Standard
Victory
Conquest
Starting age
Dark Age
Ending age
Imperial Age
RankedLock teamsTeams togetherTeam positionsShared explorationLock speedFull tech treeHidden civsTurbo modeCheats
Victory
Defeat
🇮🇳 Wei · India
1150
+14
🇲🇽 Varangians · Mexico
1112
-14
Lic. Juan Sin Miedo
11:44 Feudal Age
15:26 Castle Age
13:54 Double-Bit Axe
14:42 Stone Mining
18:24 Loom
18:38 Fletching
18:51 Horse Collar
20:45 Bow Saw
22:43 Fervor
24:03 Stone Shaft Mining
24:29 Heavy Plow
24:50 Bodkin Arrow
26:41 Wheelbarrow
26:53 Padded Archer Armor
27:28 Elite Skirmisher
31:45 Ballistics
37:44 Imperial Age
37:29 Leather Archer Armor
37:25 Forging
38:56 Conscription
40:45 Chemistry
40:01 Masonry
Infadel
11:55 Feudal Age
12:32 Double-Bit Axe
13:07 Loom
15:28 Fletching
17:43 Castle Age
15:54 Fletching
17:00 Padded Archer Armor
17:57 Scale Mail Armor
18:02 Scale Barding Armor
19:12 Bloodlines
20:01 Bow Saw
20:56 Horse Collar
23:45 Bodkin Arrow
24:01 Town Watch
25:52 Leather Archer Armor
27:43 Gold Mining
29:46 Heavy Plow
31:15 Thumb Ring
35:19 Imperial Age
33:26 Wheelbarrow
36:41 Bracer
37:12 Ring Archer Armor
38:15 Parthian Tactics
42:02 Chemistry
41:42 Hand Cart
Connection lost

Rejoining the realm…

Still unreachable

The connection could not be restored.

Session expired

The server has moved on; the page needs a fresh start.